 Dungeon Crawl Stone Soup version 0.31-a0-675-g238779eb0a (webtiles) character file.

Game seed: 5358860728797742996

5050 Hubris850 the Mimic (level 10, -9/81 HPs)
             Began as a Black Draconian Shapeshifter on Sept 5, 2023.
             Was a Believer of Makhleb.
             Killed by the air
             ... invoked by Gastronok
              (38 damage)
             ... on level 8 of the Dungeon.
             The game lasted 00:25:22 (6476 turns).

Hubris850 the Mimic (Black Draconian Shapeshifter)  Turns: 6476, Time: 00:25:23

Health: -9/81      AC: 16    Str: 18    XL:     10   Next: 30%
Magic:  14/14      EV: 13    Int: 14    God:    Makhleb [**....]
Gold:   520        SH:  0    Dex: 10    Spells: 12/15 levels left

rFire   . .          .
                       - Unarmed
rCold   + . .        (no shield)
rNeg    + . .        (body armour unavailable)
rPois   .            (helmet restricted)
rElec   +            E - +2 cloak
rCorr   .            i - +0 pair of gloves
SInv    .            x - +0 pair of boots {rampage}
Will    .....        f - amulet of regeneration
Stlth   +            A - ring of Niuroal {Wiz rC+ rN+}
HPRegen 1.13/turn    q - +4 ring of protection
MPRegen 0.14/turn

%: rampage, wizardry (x1)
@: maw-form
A: devouring maw, breathe lightning, AC +7, unfitting armour, electricity
resistance, cold-blooded
a: Breathe Lightning, Begin Untransformation, Renounce Religion, Minor
Destruction


You were on level 8 of the Dungeon.
You worshipped Makhleb.
Makhleb was pleased with you.
You were a creature with a mouth for a stomach.
You visited 1 branch of the dungeon, and saw 8 of its levels.
You also visited: Sewer.

You collected 520 gold pieces.

Inventory:

Hand Weapons
 g - a +0 sling
 k - a +1 short sword of speed
 B - a +2 short sword of holy wrath
 D - a +2 whip of draining
 F - a +4 whip
Missiles
 o - 2 datura-tipped darts
 p - 21 poisoned darts
 s - 2 throwing nets
 v - 2 javelins
 J - a curare-tipped dart
Armour
 e - a +0 cloak
 i - a +0 pair of gloves (worn)
 w - a +0 tower shield
 x - a +0 pair of boots of rampaging (worn)
 y - a +0 pair of boots
 E - a +2 cloak (worn)
 O - a scarf of resistance
Jewellery
 f - an amulet of regeneration (around neck)
 q - a +4 ring of protection (right hand)
 r - a ring of resist corrosion
 u - a ring of positive energy
 A - the ring of Niuroal (left hand) {Wiz rC+ rN+}
   (You found it on level 6 of the Dungeon)

   [ring of wizardry]

   Wiz:       It improves your spell success rate.
   rC+:       It protects you from cold.
   rN+:       It protects you from negative energy.
 C - an amulet of magic regeneration
 I - a ring of positive energy
Talismans
 b - a beast talisman
 c - a flux talisman
 j - a maw talisman (active)
 z - a serpent talisman
Scrolls
 h - 6 scrolls of teleportation
 G - a scroll of immolation
 K - a scroll of blinking
 M - a scroll of torment
 N - a scroll of identify
Potions
 a - 3 potions of lignification
 d - 3 potions of mutation
 l - a potion of heal wounds
 m - 3 potions of curing
 n - 3 potions of might
 t - a potion of invisibility
 H - a potion of brilliance {unknown}
 L - a potion of haste {unknown}


   Skills:
 - Level 5.0 Fighting
 - Level 4.2 Dodging
 + Level 8.4 Unarmed Combat
 + Level 3.2 Spellcasting
 + Level 3.6 Ice Magic
 + Level 12.8 Shapeshifting


You had 12 spell levels left.
You knew the following spells:

 Your Spells              Type           Power      Damage    Failure   Level
a - Frozen Ramparts       Ice            24%        1d4       6%          3

Your spell library contained the following spells:

 Spells                   Type           Power      Damage    Failure   Level
 Petrify                  Tmut/Erth      2%         N/A       61%         4
 Metabolic Englaciation   Hex/Ice        3%         N/A       69%         5


Dungeon Overview and Level Annotations

Branches:
Dungeon (8/15)             Temple (0/1) D:7           Sewer (visited)
   Lair: D:8-11

Altars:
Ashenzari
Dithmenos
Hepliaklqana
Kikubaaqudgha
Makhleb
Sif Muna
Trog
Xom
Zin

Shops:
D:2 [   D:8 =

Annotations:
D:8 Gastronok


Innate Abilities, Weirdness & Mutations

You are a creature with a mouth for a stomach.
Your midsection houses a second, enormous mouth.
You can breathe wild blasts of lightning.
Your glossy black scales are hard. (AC +7)
You cannot fit into any form of body armour.
You are resistant to electric shocks. (rElec)
You are cold-blooded and may be slowed by cold attacks.


Message History

You tail-slap Gastronok, but do no damage.
You bite Gastronok.
Gastronok is moderately wounded.
Gastronok bites you but does no damage.
You hit Gastronok but do no damage. You tail-slap Gastronok.
You bite Gastronok.
Gastronok is moderately wounded.
You punch Gastronok!
Gastronok is heavily wounded.
You hit Gastronok. You bite Gastronok.
Gastronok is heavily wounded.
Gastronok bites you!!
You hit Gastronok but do no damage. You bite Gastronok.
Gastronok is heavily wounded.
You hit Gastronok. You bite Gastronok!
Gastronok is severely wounded.
Gastronok bites you!!
You are too injured to fight recklessly!
You are too injured to fight recklessly!
You are too injured to fight recklessly!
You are too injured to fight recklessly!
You hit Gastronok. You tail-slap Gastronok. You bite Gastronok!
Gastronok is severely wounded.
You punch Gastronok!
You tail-slap Gastronok, but do no damage.
Gastronok is severely wounded.
You hit Gastronok but do no damage. You tail-slap Gastronok.
You punch Gastronok, but do no damage. You bite Gastronok.
Gastronok is almost dead.
Gastronok waves his eye-stalks in wide circles.
The air twists around and strikes you!
You punch Gastronok! You tail-slap Gastronok.
You bite Gastronok, but do no damage.
Gastronok is almost dead.
You hit Gastronok. You bite Gastronok, but do no damage.
Gastronok is almost dead.
Gastronok waves his eye-stalks in wide circles.
The air twists around and strikes you!!!
You die...
Gastronok gurgles, "Time to dig in!"

.# #.#.#. .# #.#.#.
.# #.#.#. .# #+#
###### #.#.#. .# #.#
#....# #.#.## .#
####.# #....# #.#.#
.#
#....###....####.#.#
)#
+......'....'....#.#
.#
#..wW###....######.##
.# +....# #....#
#..... .##########
#...## #....# #.#.##
.#........# ####
####<# #.#.#
.###.####.##### #.#
#.#.# .#............#
#.# #.#.#
.#.#.##.#.###.# #.#
#.#(# .#.#.#..#.# #.#
#.# #.#.# .#...#..#.#
#.# #.# #.#..


You could see Gastronok.

Vanquished Creatures
  A manticore (D:8)
  Maggie (D:8)
  Eustachio (D:5)
  4 yaks (D:8)
  A basilisk (D:8)
  Menkaure (D:5)
  A steam dragon (D:7)
  An acid dragon (D:8)
  Pargi (Sewer)
  2 orc warriors
  3 water moccasins
  A black bear (D:6)
  An ice beast (D:7)
  3 ogres
  3 centaurs
  4 kobold brigands
  3 bullfrogs
  2 gnoll sergeants
  3 scorpions (D:5)
  3 wights (D:8)
  5 howler monkeys
  3 hounds
  A jelly (D:8)
  3 orc priests
  A gnoll bouda (D:4)
  2 iguanas
  A sleepcap (D:7)
  Natasha (twice) (D:2)
  4 orc wizards
  14 gnolls
  9 adders
  4 white imps
  An ufetubus (D:7)
  4 dart slugs
  19 orcs
  7 ball pythons
  10 bats
  8 endoplasms
  11 giant cockroaches
  9 goblins
  8 hobgoblins
  4 jackals (D:1)
  2 quokkas (D:1)
  4 frilled lizards
  37 kobolds
  6 rats
219 creatures vanquished.

Notes
Turn   | Place    | Note
-------+----------+-------------------------------------------
     0 | D:1      | Hubris850 the Draconian Shapeshifter began the quest for
                  | the Orb.
     0 | D:1      | Reached XP level 1. HP: 16/16 MP: 1/1
   164 | D:1      | Reached XP level 2. HP: 23/23 MP: 2/2
   406 | D:1      | Reached XP level 3. HP: 28/28 MP: 3/3
  1040 | D:2      | Found Sonuttal's Armour Shop.
  1192 | D:2      | Noticed Natasha
  1210 | D:2      | Killed Natasha
  1211 | D:2      | Reached XP level 4. HP: 19/35 MP: 4/4
  1537 | D:2      | Noticed Natasha
  1550 | D:2      | Killed Natasha
  1690 | D:3      | Found an ancient bone altar of Kikubaaqudgha.
  1705 | D:3      | Reached XP level 5. HP: 40/40 MP: 5/5
  1826 | D:3      | Found a glowing drain.
  1874 | Sewer    | Entered a sewer
  1893 | Sewer    | Reached skill level 4 in Shapeshifting
  1916 | Sewer    | Noticed Pargi
  1986 | Sewer    | Killed Pargi
  2113 | Sewer    | Identified a scroll of acquirement
  2113 | Sewer    | Acquired a manual of Shapeshifting
  2273 | D:3      | Reached XP level 6. HP: 47/47 MP: 6/6
  2514 | D:3      | Found a bloodstained altar of Trog.
  2897 | D:4      | Reached skill level 5 in Unarmed Combat
  2897 | D:4      | Reached skill level 5 in Shapeshifting
  2912 | D:4      | Found a shadowy altar of Dithmenos.
  3015 | D:4      | Reached skill level 6 in Shapeshifting
  3235 | D:4      | Found a burning altar of Makhleb.
  3238 | D:4      | Became a worshipper of Makhleb the Destroyer
  3323 | D:5      | Entered Level 5 of the Dungeon
  3334 | D:5      | Reached skill level 7 in Shapeshifting
  3334 | D:5      | Your scales start taking on a glossy black colour.
  3334 | D:5      | Reached XP level 7. HP: 52/52 MP: 7/7
  3334 | D:5      | Gained mutation: You are resistant to electric shocks.
                  | (rElec) [Black Draconian growth]
  3370 | D:5      | Noticed Menkaure
  3401 | D:5      | Killed Menkaure
  3402 | D:5      | Reached skill level 8 in Shapeshifting
  3568 | D:5      | Reached skill level 9 in Shapeshifting
  3654 | D:5      | Found a hazy altar of Hepliaklqana.
  3714 | D:5      | Noticed Eustachio
  3754 | D:5      | Killed Eustachio
  3755 | D:5      | Reached skill level 10 in Shapeshifting
  3755 | D:5      | Reached XP level 8. HP: 47/59 MP: 8/8
  3919 | D:5      | Found a shimmering altar of Xom.
  4099 | D:6      | Identified the ring of Niuroal {Wiz rC+ rN+}
  4334 | D:6      | Found a glowing silver altar of Zin.
  4432 | D:6      | Reached * piety under Makhleb
  4465 | D:6      | Reached skill level 11 in Shapeshifting
  4468 | D:6      | Found a broken altar of Ashenzari.
  4519 | D:6      | Reached XP level 9. HP: 71/71 MP: 9/9
  5151 | D:7      | Reached skill level 5 in Fighting
  5243 | D:7      | Found a shimmering blue altar of Sif Muna.
  5387 | D:7      | Reached ** piety under Makhleb
  5637 | D:7      | Found a staircase to the Ecumenical Temple.
  5820 | D:8      | Reached skill level 12 in Shapeshifting
  5831 | D:8      | Found Seih's Jewellery Shop.
  5843 | D:8      | Learned a level 3 spell: Frozen Ramparts
  5909 | D:8      | Noticed Maggie
  5917 | D:8      | Killed Maggie
  5918 | D:8      | Reached skill level 1 in Spellcasting
  5918 | D:8      | Reached skill level 1 in Ice Magic
  5957 | D:8      | Noticed a manticore
  6005 | D:8      | Reached XP level 10. HP: 81/81 MP: 13/13
  6058 | D:8      | Killed a manticore
  6455 | D:8      | Noticed Gastronok
  6476 | D:8      | Killed from afar by Gastronok

Illustrated notes

Levels and vault maps discovered:
D:1:      matt_arrival_spirals, layout_loops_ring
D:2:      layout_basic, serial_shops, shop, uniq_natasha
D:3:      layout_basic, trog_hazing_becter, nicolae_kikubaaqudgha_miasma_corner,
          cheibrodos_sewer_entry_drain
D:4:      layout_cave_pools, lightli_temple_of_fire,
          mainiacjoe_overflow_concentric_impassable
D:5:      layout_rooms, xom_teletrap_fun, mainiacjoe_overflow_small_starburst,
          uniq_eustachio, uniq_menkaure
D:6:      layout_loops_corners, zin_treasury, cheibrodos_ashenzari_chains,
          hangedman_decor_push, eino_small_chamber_without_monster
D:7:      layout_loops_corners, mainiacjoe_overflow_catwalk,
          minmay_temple_entry_glassed_door
D:8:      layout_basic, nicolae_gozag_zags_fifth_avenue, serial_shops, shop,
          grunt_potential, uniq_maggie, uniq_gastronok

Skill      XL: |  1  2  3  4  5  6  7  8  9 10 |
---------------+-------------------------------+-----
Dodging        | 2 3 4 |  4.2
Unarmed Combat | 4 5 6 8 |  8.4
Shapeshifting  | 4 7 10 11 12 | 12.8
Fighting       | 4 5 |  5.0
Spellcasting   | 2 3 |  3.2
Ice Magic      | 2 3 |  3.6

Action                     |  1- 3 |  4- 6 |  7- 9 | 10-12 || total
---------------------------+-------+-------+-------+-------++-------
  Melee: Unarmed           |   109 |    41 |   236 |    71 ||   457
         Tailslap          |    10 |    40 |    38 |    17 ||   105
         Punch             |     1 |     4 |    10 |     4 ||    19
         Short sword       |       |   321 |    97 |       ||   418
         Maw               |       |       |    57 |    30 ||    87
         Constrict         |       |       |     7 |       ||     7
  Throw: Dart              |       |     5 |       |       ||     5
   Cast: Frozen Ramparts   |       |       |     1 |       ||     1
Ability: Begin Untransform |     2 |       |     5 |       ||     7
         Breathe Lightning |       |       |     3 |       ||     3
    Use: Scroll            |     1 |     4 |     4 |     3 ||    12
         Potion            |       |       |     5 |       ||     5
   Stab: Sleeping          |       |     3 |       |       ||     3
 Armour: Skin              |    52 |   204 |   231 |    32 ||   519
  Dodge: Dodged            |    59 |   233 |   190 |    31 ||   513
   Form: Beast             |     2 |     1 |       |       ||     3
                           |     1 |       |       |       ||     1
         Flux              |     1 |       |       |       ||     1
         Maw               |       |       |     2 |       ||     2
         Anaconda          |       |       |     3 |       ||     3

Table legend: (Time is in decaauts)
 A = Elapsed time spent in this place.
 B = Non-inter-level travel time spent in this place.
 C = Inter-level travel time spent in this place.
 D = Time resting spent in this place.
 E = Time spent auto-exploring this place.
 F = Levels seen in this place.
 G = Mean time per level.
                   A        B        C        D        E       F      G
               +--------+--------+--------+--------+--------+-----+--------+
         Total |   6327 |   6092 |    235 |    185 |   4154 |   9 |  703.0 |
       Dungeon |   6108 |   5873 |    235 |    162 |   4076 |   8 |  763.5 |
         Sewer |    219 |    219 |      0 |     23 |     78 |   1 |  219.0 |
               +--------+--------+--------+--------+--------+-----+--------+

Top non-repeatable levels by time:
     D:3: 945 daAuts
     D:7: 897 daAuts
     D:1: 879 daAuts
     D:6: 873 daAuts
     D:2: 705 daAuts
     D:4: 686 daAuts
     D:8: 661 daAuts
     D:5: 458 daAuts
   Sewer: 219 daAuts
